 Dungeon Crawl Stone Soup version 0.30-a0-457-g4b7bca3bfa (webtiles) character file.

Game seed: 10008265345141901173

18989 cforsyth the Fighter (level 12, -4/169 HPs)
             Began as a Minotaur Berserker on Dec 12, 2022.
             Was an Elder of Trog.
             Slain by a three-headed hydra simulacrum (36 damage)
             ... in an ice cave.
             The game lasted 00:28:59 (16886 turns).

cforsyth the Fighter (Minotaur Berserker)          Turns: 16886, Time: 00:29:00

Health: -4/169     AC: 19    Str: 27    XL:     12   Next: 32%
Magic:  11/11      EV: 14    Int:  4    God:    Trog [****..]
Gold:   810        SH:  5    Dex: 10    Spells: 11/11 levels left

rFire   . . .      SeeInvis .    I - +0 war axe (freeze)
rCold   . . .      Faith    .    b - +0 buckler
rNeg    . . .      Spirit   .    A - +0 plate armour
rPois   .          Reflect  .    (helmet restricted)
rElec   .          Harm     .    x - +1 cloak
rCorr   .          Rampage  .    (no gloves)
Will    ++...                    B - +0 pair of boots
Stlth   ..........               (no amulet)
HPRegen 1.48/turn                j - +4 ring of evasion
MPRegen 0.12/turn                n - ring of flight

@: berserking, strong-willed, flying, regenerating, very quick
A: horns 2, retaliatory headbutt
a: Renounce Religion, Berserk, Trog's Hand, Brothers in Arms


You were in an ice cave.
You worshipped Trog.
Trog was greatly pleased with you.
You visited 1 branch of the dungeon, and saw 11 of its levels.
You also visited: Ice Cave.

You collected 810 gold pieces.

Inventory:

Hand Weapons
 I - a +0 war axe of freezing (weapon)
Missiles
 E - 4 throwing nets (quivered)
Armour
 b - a +0 buckler (worn)
 x - a +1 cloak (worn)
 A - a +0 plate armour (worn)
 B - a +0 pair of boots (worn)
Jewellery
 j - a +4 ring of evasion (left hand)
 n - a ring of flight (right hand)
 u - a ring of poison resistance
 y - a ring of resist corrosion
Wands
 a - a wand of acid (14)
 h - a wand of roots (4)
 z - a wand of paralysis (18)
Scrolls
 c - 2 scrolls of blinking {unknown}
 g - a scroll of identify
 i - 2 scrolls of enchant weapon {unknown}
 l - 2 scrolls of vulnerability
 o - 6 scrolls of teleportation
 r - 2 scrolls of enchant armour
 v - a scroll of immolation
 w - a scroll of amnesia {unknown}
Potions
 d - 3 potions of ambrosia
 e - 3 potions of flight
 f - 2 potions of heal wounds
 k - a potion of resistance {unknown}
 p - a potion of mutation {unknown}
 q - 3 potions of haste
 s - 6 potions of curing
 t - a potion of invisibility
 C - 3 potions of cancellation
 D - 3 potions of attraction {unknown}
 F - 3 potions of might {unknown}
 G - a potion of lignification {unknown}
Miscellaneous
 m - a box of beasts
 H - a condenser vane


   Skills:
 + Level 12.6 Fighting
 + Level 12.5 Axes
 + Level 12.2 Armour
 + Level 11.2 Dodging
 - Level 5.0 Shields


You had 11 spell levels left.
You didn't know any spells.
Your spell library was empty.

Dungeon Overview and Level Annotations

Branches:
Dungeon (11/15)            Temple (0/1) D:7            Lair (0/5) D:9
  IceCv (1/1)
    Orc: D:9-12

Altars:
Ashenzari
Fedhas
Kikubaaqudgha
Makhleb
Nemelex Xobeh
Sif Muna
Yredelemnul
Zin
The Shining One

Shops:
D:3 :   D:6 [   D:9 !

Annotations:
D:4 1 transporter


Innate Abilities, Weirdness & Mutations

You have a pair of horns on your head.
You reflexively headbutt those who attack you in melee.


Message History

Unknown command.
A wolf simulacrum comes into view.
You barely miss the wolf simulacrum. You block the wolf simulacrum's attack.
Unknown command.
You barely miss the wolf simulacrum.
The wolf simulacrum bites you but does no damage. x2
Unknown command.
You hit the wolf simulacrum. You headbutt the wolf simulacrum!
The wolf simulacrum vaporises!
Trog accepts your kill.
Really fly into that cloud of freezing vapour?
Okay, then.
Unknown command.
Press: ? - help, v - describe, . - travel
Here: a three-headed hydra simulacrum The floor.
Unknown command.
The three-headed hydra simulacrum closely misses you.
You furiously retaliate!
You headbutt the three-headed hydra simulacrum.
The three-headed hydra simulacrum misses you.
The three-headed hydra simulacrum bites you.
The three-headed hydra simulacrum freezes you!
The three-headed hydra simulacrum bites you!
The three-headed hydra simulacrum freezes you!
The three-headed hydra simulacrum bites you.
The three-headed hydra simulacrum freezes you!
The three-headed hydra simulacrum bites you!
The three-headed hydra simulacrum freezes you!!
* * * LOW HITPOINT WARNING * * *
Unknown command.
Your skin crawls.
You feel strong-willed.
A red film seems to cover your vision as you go berserk!
You feel yourself moving faster!
You feel mighty!
You block the three-headed hydra simulacrum's attack. x2
The three-headed hydra simulacrum bites you.
* * * LOW HITPOINT WARNING * * *
The three-headed hydra simulacrum freezes you!!!
You die...

#.###.# ###
##≈≈≈≈# #.##.##
##.## ##≈≈≈###
##.#.# #...##
#≈≈≈≈≈# #...##
#.#..## #≈≈≈≈≈#
#.#.# ##.#...#
##≈≈≈## ##.###
#.###..## #≈≈≈≈#
#.##
#.###...###≈≈≈##
#.##
#..###...###.≈#
#..# #..#
##@.###.## ##.#
##.# #.Z.#.##
##.# ##..#
#...#..# #.##
#..## ##...###
#.# #..#
#####..# #..#
##.####.####.#
##..###..#
#...##..#
#...#..##
#.⌠.##.##
#.....# #......#


You could see a three-headed hydra simulacrum.

Vanquished Creatures
  Harold (D:10)
  Erica (D:10)
  A two-headed ogre (D:8)
  The ghost of pokeman the Thaumaturge, a journeyman DEHW of Vehumet (D:9)
  Urug (D:10)
  Nergalle (D:10)
  2 bog bodies (IceCv)
  Maurice (D:8)
  An ice statue (IceCv)
  2 gargoyles
  Psyche (D:10)
  2 tengu conjurers (D:11)
  2 ice devils (D:11)
  2 trolls (D:11)
  A hornet (D:10)
  5 slime creatures (D:8)
  A shadow (D:10)
  A wraith (D:11)
  2 dire elephant simulacra (IceCv)
  4 wyverns
  4 humans (D:10)
  26 yaks
  Menkaure (D:6)
  A death yak simulacrum (IceCv)
  5 harpy simulacra (IceCv)
  5 water moccasins
  A sky beast (D:6)
  3 black bears
  An ice beast (D:4)
  2 ogres
  5 centaurs
  2 kobold brigands
  2 bullfrogs
  2 gnoll sergeants (D:9)
  6 scorpions
  5 wights (D:8)
  A cane toad simulacrum (IceCv)
  4 two-headed ogre simulacra (IceCv)
  4 elephant simulacra (IceCv)
  3 howler monkeys (D:8)
  An electric eel (D:7)
  2 jellies
  4 orc priests
  7 hounds
  A gnoll bouda (D:6)
  4 iguanas
  4 orc wizards
  5 troll simulacra (IceCv)
  6 spriggan simulacra (IceCv)
  2 wolf simulacra (IceCv)
  A polar bear simulacrum (IceCv)
  13 gnolls
  6 adders
  8 naga simulacra (IceCv)
  A shadow imp (D:8)
  8 white imps
  An ufetubus (D:6)
  3 dart slugs
  30 orcs
  4 ball pythons
  6 endoplasms
  2 giant cockroaches
  7 hobgoblins
  7 jackals
  12 kobolds
  3 quokkas
  2 bats (D:2)
  2 frilled lizards (D:3)
  7 goblins
  2 rats (D:3)
  A bush (D:10)
278 creatures vanquished.

Vanquished Creatures (others)
  An endoplasm (D:4)
  A bush (D:9)
  2 fungi (D:9)
  18 plants
22 creatures vanquished.

Grand Total: 300 creatures vanquished

Notes
Turn   | Place    | Note
-------+----------+-------------------------------------------
     0 | D:1      | cforsyth the Minotaur Berserker began the quest for the
                  | Orb.
     0 | D:1      | Reached XP level 1. HP: 19/19 MP: 0/0
     0 | D:1      | Noticed a felid
     1 | D:1      | Noticed an elf
     3 | D:1      | Noticed a barachi
     3 | D:1      | Noticed an octopode
     5 | D:1      | Noticed a ghoul
     6 | D:1      | Noticed a gargoyle
    11 | D:1      | Noticed a ghoul
    15 | D:1      | Noticed a formicid
    15 | D:1      | Noticed a draconian
    15 | D:1      | Noticed a vampire
    17 | D:1      | Noticed a ghoul
    17 | D:1      | Noticed a spriggan
    17 | D:1      | Noticed an octopode
    19 | D:1      | Noticed a vine stalker
   374 | D:1      | Reached XP level 2. HP: 27/27 MP: 1/1
  1190 | D:2      | Reached ** piety under Trog
  1335 | D:3      | Reached XP level 3. HP: 33/33 MP: 2/2
  1703 | D:3      | Found a faded altar of an unknown god.
  2058 | D:3      | Reached XP level 4. HP: 38/41 MP: 3/3
  2257 | D:3      | Found Vakludur's Book Boutique.
  2445 | D:4      | Reached XP level 5. HP: 34/47 MP: 4/4
  2942 | D:4      | Found a sparkling altar of Nemelex Xobeh.
  2942 | D:4      | Found a transporter.
  2942 | D:4      | Noticed a steam dragon
  3105 | D:4      | Reached skill level 5 in Axes
  3137 | D:4      | Reached skill level 5 in Fighting
  3160 | D:4      | Found a basalt altar of Yredelemnul.
  3164 | D:4      | Found a glowing golden altar of the Shining One.
  3167 | D:4      | Noticed an angel
  3179 | D:4      | Found an ancient bone altar of Kikubaaqudgha.
  3284 | D:4      | Reached XP level 6. HP: 35/56 MP: 5/5
  3286 | D:4      | Identified the +2 leather armour of Erenlif {Int+3}
  3461 | D:4      | Found a shimmering blue altar of Sif Muna.
  3463 | D:4      | Found a glowing silver altar of Zin.
  3676 | D:5      | Entered Level 5 of the Dungeon
  4105 | D:5      | Reached skill level 1 in Shields
  4105 | D:5      | Reached XP level 7. HP: 59/62 MP: 6/6
  4105 | D:5      | Paralysed by an orc priest for 5 turns
  4380 | D:5      | Paralysed by an orc priest for 3 turns
  4401 | D:4      | Reached skill level 5 in Armour
  4830 | D:5      | Paralysed by an orc priest for 4 turns
  5455 | D:6      | Reached skill level 5 in Dodging
  5480 | D:6      | Reached *** piety under Trog
  5593 | D:6      | Reached XP level 8. HP: 70/71 MP: 7/7
  5786 | D:6      | Noticed Menkaure
  5793 | D:6      | Killed Menkaure
  5917 | D:6      | Found Ufo Qeav's Antique Armour Shop.
  6098 | D:6      | Found a broken altar of Ashenzari.
  6567 | D:7      | Noticed a gargoyle
  6578 | D:7      | Killed a gargoyle
  6917 | D:7      | Reached XP level 9. HP: 77/79 MP: 8/8
  6994 | D:7      | Reached skill level 5 in Shields
  7403 | D:7      | Found a staircase to the Ecumenical Temple.
  7575 | D:7      | Found a burning altar of Makhleb.
  8898 | D:8      | Noticed Maurice
  8908 | D:8      | Killed Maurice
  9157 | D:8      | Reached XP level 10. HP: 89/91 MP: 9/9
  9182 | D:8      | Reached **** piety under Trog
  9229 | D:8      | Noticed a two-headed ogre
  9237 | D:8      | Killed a two-headed ogre
 10243 | D:4      | Noticed a profane servitor
 10625 | D:9      | Reached skill level 10 in Fighting
 10630 | D:9      | Reached skill level 10 in Axes
 10796 | D:9      | Found a runed translucent door.
 10841 | D:9      | Reached skill level 10 in Armour
 10977 | D:9      | Reached XP level 11. HP: 101/101 MP: 10/10
 11179 | D:9      | Found a staircase to the Lair.
 11373 | D:9      | Found Husagimm's Distillery.
 11538 | D:9      | Noticed pokeman's ghost (journeyman DEHW)
 11549 | D:9      | Killed pokeman's ghost
 11628 | D:10     | Entered Level 10 of the Dungeon
 11628 | D:10     | Noticed Nergalle
 11639 | D:10     | Killed Nergalle
 11764 | D:10     | Noticed Urug
 11772 | D:10     | Killed Urug
 11773 | D:10     | Reached skill level 10 in Dodging
 11978 | D:10     | Noticed Psyche
 11994 | D:10     | Killed Psyche
 12212 | D:10     | Noticed Erica
 12231 | D:10     | Killed Erica
 12678 | D:10     | Found a blossoming altar of Fedhas.
 12993 | D:10     | Noticed Harold
 13003 | D:10     | Killed Harold
 13098 | D:11     | Reached XP level 12. HP: 68/112 MP: 11/11
 13183 | D:11     | Found a frozen archway.
 13269 | IceCv    | Entered an ice cave
 15012 | IceCv    | Reached ***** piety under Trog
 16886 | IceCv    | Slain by a three-headed hydra simulacrum

Illustrated notes

Levels and vault maps discovered:
D:1:      shiori_arrival_whats_in_store_for_you, layout_loops_ring
D:2:      layout_basic
D:3:      layout_loops_ring, serial_shops, nicolae_lakefront_shop,
          chequers_ecumenical_altar_simple, serial_bayou_pond_d, minivault_27,
          minmay_misc_feat_rugged, st_stairs_8
D:4:      layout_basic, grunt_temple_overflow_holy_war,
          grunt_nemelex_the_gamble, gammafunk_temple_overflow_forgotten
D:5:      layout_loops_ring, grunt_decor_one_mirror
D:6:      layout_loops_ring, evilmike_ruin_ashenzari, serial_shops,
          nicolae_shop_hallway_stairs, nrook_mini_vaults, uniq_menkaure
D:7:      layout_basic, lightli_temple_of_fire,
          minmay_temple_entry_antechambers, hex_tiny, minivault_4
D:8:      layout_loops_ring, kennysheep_generic_room_4, uniq_maurice
D:9:      layout_long_grid, minmay_lair_entry_grove, serial_shops, shop,
          ebering_ghost_reflecting_pool
D:10:     layout_basic, fedhas_bush_and_centaur_altar, minmay_ruffians,
          uniq_urug, uniq_nergalle, uniq_erica, uniq_harold, uniq_psyche
D:11:     layout_long_grid, gammafunk_ghost_nasty_kobolds,
          portal_ice_cave_demonic_guard, uniq_josephine
IceCv:    ice_cave_caverns_01

Skill      XL: |  1  2  3  4  5  6  7  8  9 10 11 12 |
---------------+-------------------------------------+-----
Fighting       | 4 5 6 7 9 10 12 | 12.6
Axes           | 4 5 6 7 9 10 12 | 12.5
Armour         | 3 4 5 7 8 10 11 12 | 12.2
Dodging        | 3 4 5 6 7 9 10 11 | 11.2
Shields        | 1 3 4 5 |  5.0

Action                   |  1- 3 |  4- 6 |  7- 9 | 10-12 || total
-------------------------+-------+-------+-------+-------++-------
Melee: Hand axe          |    82 |   104 |   242 |       ||   428
       Headbutt          |    13 |    22 |    55 |   121 ||   211
       War axe           |       |       |    48 |   483 ||   531
Invok: Berserk           |       |     3 |     3 |    10 ||    16
       Trog's Hand       |       |       |     1 |     4 ||     5
  Use: Scroll            |       |       |    14 |     4 ||    18
       Potion            |       |       |       |     2 ||     2
Armor: Animal skin       |    13 |     6 |       |       ||    19
       Scale mail        |       |     6 |    10 |       ||    16
       Plate armour      |       |       |    92 |   236 ||   328
Dodge: Dodged            |    51 |    77 |   123 |   290 ||   541
Block: Buckler           |       |     1 |    42 |   107 ||   150

Table legend: (Time is in decaauts)
 A = Elapsed time spent in this place.
 B = Non-inter-level travel time spent in this place.
 C = Inter-level travel time spent in this place.
 D = Time resting spent in this place.
 E = Time spent auto-exploring this place.
 F = Levels seen in this place.
 G = Mean time per level.
                   A        B        C        D        E       F      G
               +--------+--------+--------+--------+--------+-----+--------+
         Total |  17095 |  16175 |    920 |   5414 |   7816 |  12 | 1424.6 |
       Dungeon |  13411 |  12491 |    920 |   2678 |   7628 |  11 | 1219.2 |
      Ice Cave |   3683 |   3683 |      0 |   2735 |    188 |   1 | 3683.0 |
               +--------+--------+--------+--------+--------+-----+--------+

Top non-repeatable levels by time:
   IceCv: 3683 daAuts
     D:4: 2577 daAuts
     D:7: 1761 daAuts
    D:10: 1466 daAuts
     D:8: 1407 daAuts
     D:5: 1367 daAuts
     D:6: 1214 daAuts
     D:9: 1035 daAuts
     D:3: 1018 daAuts
     D:1: 833 daAuts
     D:2: 525 daAuts
    D:11: 203 daAuts
